Map: Prion Terraces

Players

Zanster

  • Race: Zerg Zerg

Bomber - Winner!

  • Race: Terran Terran

Event: DreamHack ROCCAT LotV Championship

VOD

https://youtu.be/issJk2gjCfI

Description

Time

  • Played on: Nov. 26, 2015, 11:27 a.m.
  • Length: 17:19

All games in this series

Show
View Real Time Build Order
Export as new Build Order

Zanster Zerg 

Build Orders: Pool First 

Get SALT Encoding   

  12  0:00  Drone  
  13  0:13  Overlord  
  13  0:17  Drone  
  14  0:32  Drone x2  
  16  0:36  Drone  
  17  0:44  Spawning Pool  
  17  0:48  Drone  
  17  0:56  Drone  
  18  0:58  Extractor  
  17  1:07  Drone  
  18  1:18  Hatchery  
  17  1:20  Drone  
  18  1:31  Queen  
  20  1:35  Zergling x2  
  20  1:39  Zergling x2  
  22  1:49  Overlord  
  22  2:04  Metabolic Boost  
  22  2:07  Queen  
  24  2:12  Zergling x4  
  26  2:32  Queen  
  28  2:39  Roach Warren  
  28  2:42  Drone x4  
  30  2:50  Zergling x2  
  30  2:51  Zergling x2  
  31  2:54  Zergling x2  
  31  2:56  Zergling x2  
  33  3:01  Drone  
  34  3:05  Overlord  
  34  3:12  Overlord  
  35  3:27  Roach  
  35  3:31  Roach  
  35  3:32  Roach x2  
  41  3:41  Roach  
  43  3:42  Overlord  
  43  3:49  Ravager  
  43  3:51  Overlord  
  44  4:01  Roach  
  44  4:02  Roach x2  
  50  4:06  Zergling x4  
  50  4:08  Overlord  
  51  4:15  Zergling x4  
  53  4:22  Zergling x6  
  56  4:25  Ravager  
  55  4:39  Drone x5  
  55  4:43  Drone  
  61  4:49  Drone  
  61  4:51  Drone x2  
  64  5:06  Hatchery, Drone  
  64  5:09  Drone  
  64  5:11  Drone  
  66  5:15  Drone x2  
  66  5:19  Overlord  
  68  5:27  Lair  
  68  5:29  Overlord  
  68  5:32  Extractor  
  68  5:33  Extractor  
  66  5:36  Drone  
  66  5:37  Drone  
  66  5:40  Overlord  
  68  5:44  Overlord  
  68  5:46  Drone x3  
  71  5:51  Overlord  
  71  5:57  Drone x3  
  72  6:03  Roach  
  72  6:04  Roach x2  
  80  6:10  Roach  
  81  6:24  Roach x3  
  87  6:30  Roach x2  
  87  6:32  Glial Reconstitution  
  91  6:36  Overlord  
  91  6:38  Extractor  
  90  6:41  Roach  
  90  6:42  Roach  
  93  6:47  Drone x3  
  93  6:49  Drone  
  93  6:50  Drone  
  93  6:51  Drone  
  93  6:52  Drone  
  100  6:56  Evolution Chamber  
  100  6:57  Ravager x3  
  100  6:59  Drone  
  100  7:00  Drone  
  104  7:03  Drone  
  104  7:04  Drone  
  104  7:07  Overlord  
  106  7:10  Drone x2  
  106  7:13  Overlord  
  106  7:14  Drone  
  109  7:16  Drone  
  109  7:17  Ravager  
  109  7:18  Ravager  
  109  7:21  Overseer  
  112  7:27  Overlord  
  112  7:29  Drone x2  
  114  7:30  Drone x5  
  114  7:32  Drone, Extractor  
  114  7:33  Drone  
  114  7:34  Drone  
  121  7:38  Overlord  
  121  7:40  Drone  
  121  7:41  Zerg Missile Weapons Level 1  
  121  7:44  Evolution Chamber, Drone  
  121  7:45  Drone  
  121  7:46  Drone  
  124  7:52  Overlord  
  124  7:56  Extractor  
  123  7:59  Drone  
  123  8:00  Drone x3  
  127  8:08  Hatchery, Roach  
  127  8:09  Roach x4  
  127  8:10  Overlord  
  136  8:19  Roach x3  
  144  8:20  Overlord, Roach  
  144  8:24  Overlord  
  142  8:34  Overlord  
  142  8:36  Roach x5  
  142  8:39  Overlord  
  142  8:40  Zerg Ground Armor Level 1  
  152  8:45  Roach  
  152  8:46  Roach x3  
  152  8:47  Roach  
  162  8:51  Overlord  
  162  8:57  Roach x4  
  162  9:00  Ravager x2  
  162  9:01  Ravager x4  
  170  9:04  Roach x2  
  174  9:13  Roach x6  
  179  9:21  Roach  
  179  9:22  Roach x2  
  156  9:26  Roach  
  156  9:35  Roach  
  156  9:36  Roach x3  
  156  9:37  Hydralisk Den  
  150  9:40  Queen  
  150  9:43  Queen  
  150  9:45  Drone x4  
  158  9:47  Zerg Missile Weapons Level 2  
  158  9:49  Roach x3  
  159  9:54  Roach x3  
  156  10:01  Roach x4  
  161  10:12  Roach x5  
  156  10:19  Roach x5  
  162  10:22  Roach, Zergling x6  
  147  10:31  Roach  
  147  10:32  Roach x3  
  145  10:37  Queen  
  145  10:39  Roach  
  145  10:40  Zergling x4  
  151  10:44  Roach  
  151  10:45  Overlord  
  151  10:48  Roach  
  147  10:53  Roach x5  
  142  11:01  Roach x2  
  142  11:03  Roach x2  
  143  11:10  Queen  
  141  11:11  Hydralisk x4  
  141  11:12  Hydralisk x3  
  154  11:18  Hydralisk  
  154  11:19  Hydralisk  
  154  11:25  Drone x4, Queen  
  158  11:35  Drone  
  156  11:43  Hydralisk  
  156  11:44  Roach  
  156  11:45  Roach x6  
  172  11:50  Queen  
  172  11:53  Hydralisk x5  
  172  11:54  Roach  
  177  12:02  Hydralisk x2, Roach  
  177  12:05  Roach  
  177  12:06  Zergling x6  
  189  12:08  Roach, Extractor  
  188  12:17  Muscular Augments  
  188  12:20  Roach x2, Zergling x4  
  192  12:24  Queen  
  185  12:39  Hydralisk x4, Roach  
  185  12:40  Roach  
  197  12:54  Ravager, Infestation Pit  
  197  12:58  Spine Crawler  
  195  13:00  Drone  
  195  13:01  Drone x3  
  199  13:07  Ravager  
  199  13:09  Zerg Ground Armor Level 2  
  200  13:18  Overseer  
  200  13:25  Extractor  
  199  13:30  Drone  
  200  13:34  Hatchery  
  177  13:58  Hydralisk x6, Roach x9  
  177  13:59  Roach x4  
  177  14:02  Roach x5  
  161  14:10  Hydralisk, Roach  
  161  14:11  Roach  
  161  14:14  Roach x2  
  144  14:20  Roach  
  144  14:21  Roach x2  
  141  14:25  Roach x2  
  141  14:30  Roach  
  147  14:32  Ravager x3  
  147  14:33  Ravager  
  151  14:40  Roach x4  
  159  14:50  Roach x4  
  161  14:55  Roach  
  161  14:56  Roach x2  
  167  15:04  Ravager  
  167  15:05  Ravager  
  169  15:12  Roach x6  
  179  15:27  Burrow  
  179  15:34  Drone x4  
  183  15:38  Ravager x5  
  188  15:46  Hatchery  
  187  15:51  Roach x3  
  187  15:52  Roach, Zergling x8  
  173  16:04  Roach x4, Zergling x2  
  173  16:05  Zergling x4  
  179  16:15  Roach x4, Zergling x2  
  179  16:16  Zergling x2  
  179  16:24  Roach x2, Zergling x2  
  179  16:25  Zergling x4  
  155  16:33  Roach x4  
  162  16:43  Hydralisk x4  
  162  16:45  Ravager x4  
  175  16:54  Roach x3  
Show
View Real Time Build Order
Export as new Build Order

Bomber Terran - Winner!

Build Orders: Bio Tank, MMM Bio 

Get SALT Encoding   

  12  0:00  SCV  
  13  0:12  SCV  
  14  0:17  Supply Depot  
  14  0:24  SCV  
  15  0:39  SCV  
  15  0:40  Barracks  
  16  0:43  Refinery  
  16  0:51  SCV  
  17  0:59  Barracks  
  17  1:03  SCV  
  18  1:15  SCV  
  19  1:28  Reaper, Orbital Command  
  19  1:30  Supply Depot  
  20  1:45  Reaper  
  21  1:55  SCV  
  22  2:03  Reaper  
  23  2:09  Command Center  
  23  2:12  SCV  
  24  2:18  Refinery  
  24  2:21  Marine  
  25  2:24  SCV  
  26  2:36  SCV  
  26  2:48  SCV  
  26  2:49  Factory  
  27  2:54  Barracks Reactor  
  27  2:57  Supply Depot  
  27  3:00  SCV  
  27  3:03  Barracks Tech Lab  
  29  3:12  SCV  
  29  3:13  Bunker  
  29  3:21  Command Center  
  29  3:26  SCV  
  30  3:32  Marine x2  
  32  3:38  SCV  
  32  3:46  Orbital Command  
  32  3:50  SCV  
  32  3:51  Siege Tank  
  36  3:57  Marine x2  
  36  3:58  Barracks Tech Lab  
  38  4:03  SCV  
  39  4:15  SCV  
  39  4:16  Marine x2  
  42  4:17  Marine  
  42  4:19  SCV  
  42  4:23  Stimpack  
  44  4:28  SCV  
  46  4:39  Marauder, Marine x2  
  46  4:40  Siege Tank  
  46  4:45  SCV  
  52  4:57  SCV  
  52  4:59  Marine x2  
  55  5:02  Refinery  
  55  5:03  Supply Depot, Refinery  
  55  5:09  SCV  
  55  5:10  Marauder  
  58  5:16  Siege Tank, Orbital Command  
  58  5:17  Marine x2  
  64  5:21  SCV  
  64  5:24  Orbital Command  
  64  5:33  SCV  
  65  5:40  Marine x2  
  70  5:42  SCV  
  70  5:48  Starport  
  70  5:52  SCV x2  
  70  5:55  SCV  
  73  6:01  Supply Depot  
  71  6:04  SCV, Engineering Bay  
  71  6:05  SCV  
  71  6:06  Engineering Bay  
  71  6:07  SCV  
  71  6:11  Marauder, Marine x2  
  73  6:16  SCV  
  77  6:21  Supply Depot  
  77  6:23  SCV, Siege Tank  
  77  6:24  Supply Depot  
  77  6:25  Barracks  
  81  6:26  Starport Reactor  
  81  6:27  Combat Shields  
  81  6:31  SCV  
  81  6:32  SCV  
  83  6:35  SCV  
  83  6:37  Marine  
  85  6:40  Supply Depot  
  85  6:42  Terran Infantry Weapons Level 1, Marauder, Marine  
  85  6:43  Supply Depot, Terran Infantry Armor Level 1  
  85  6:45  SCV x2  
  90  6:49  SCV  
  91  6:56  Marine  
  91  6:58  Supply Depot  
  91  7:00  Marine  
  93  7:03  Marine  
  93  7:04  SCV x3, Barracks  
  93  7:05  Barracks  
  93  7:06  Factory Reactor  
  93  7:07  Medivac  
  99  7:09  Medivac  
  101  7:18  Supply Depot  
  101  7:19  Barracks Reactor, Marine x2  
  101  7:20  Supply Depot  
  101  7:21  Marine  
  104  7:24  SCV x2  
  104  7:25  Barracks  
  104  7:26  Barracks  
  106  7:39  Armory  
  106  7:40  Barracks  
  106  7:41  Marine x3  
  109  7:44  Medivac x2  
  113  7:53  Hellion x2  
  113  7:55  Supply Depot x2  
  113  7:56  Supply Depot  
  117  8:00  Marauder  
  117  8:01  Supply Depot, Marine  
  117  8:02  Supply Depot, Marine x2  
  117  8:03  Supply Depot  
  117  8:04  Barracks Reactor  
  122  8:06  Marine  
  122  8:08  Marauder  
  129  8:24  Barracks Reactor, Marauder  
  129  8:25  Barracks Reactor  
  129  8:26  Marine x3  
  129  8:27  Marine  
  130  8:29  Marauder  
  130  8:30  Barracks Reactor  
  134  8:40  Terran Infantry Weapons Level 2  
  130  8:43  Marine x2  
  130  8:44  Marine x4  
  130  8:45  Marauder  
  138  8:51  Marauder  
  140  8:57  Barracks  
  140  8:58  Hellbat x2, Medivac x2  
  140  9:01  Marine x2  
  140  9:02  Marine x3  
  148  9:07  Marauder  
  148  9:08  Terran Infantry Armor Level 2  
  148  9:10  Marine x3  
  148  9:12  Marauder, Marine x3  
  151  9:17  Marine  
  151  9:18  Marine  
  151  9:19  Marine  
  135  9:25  Marine x3  
  135  9:26  Hellbat  
  135  9:27  Hellbat  
  135  9:28  Marauder  
  140  9:32  Marine  
  140  9:33  Marine  
  140  9:34  Marauder, Marine x3  
  143  9:39  Marine x2  
  143  9:40  Marine x2  
  143  9:43  Marine  
  148  9:47  Barracks Reactor  
  148  9:48  Hellbat x2  
  148  9:49  Marauder  
  149  9:55  Marauder, Marine x3  
  149  9:56  Marine x2  
  149  9:58  Marine  
  149  9:59  Marine x3  
  155  10:00  Marine x2  
  155  10:05  Marine  
  154  10:11  Marauder  
  154  10:12  Marine, Hellbat x2, Medivac x2  
  157  10:14  Marine  
  157  10:16  Marine x2  
  157  10:17  Marauder  
  155  10:28  Marine x2  
  137  10:32  Marauder  
  137  10:33  Hellbat x2  
  132  10:39  Marauder, Marine x5  
  136  10:44  Command Center  
  136  10:47  Marine x2  
  136  10:48  Marine x6  
  136  10:49  Marine  
  141  10:53  Marauder  
  141  10:57  Marine x5  
  128  11:01  Marauder  
  126  11:05  Medivac x2, Marine x3  
  126  11:06  Marine x2  
  126  11:09  Orbital Command, Marine x3  
  133  11:16  Marine x2  
  133  11:17  Marauder  
  134  11:23  Marauder, Marine x3  
  134  11:24  Marine x4  
  142  11:26  Marine x2  
  142  11:28  Marine x2  
  146  11:36  Marine x2  
  146  11:39  Marine  
  141  11:40  Marine  
  141  11:43  Marine  
  141  11:45  Marine  
  141  11:46  Marine x2  
  141  11:47  Marine x2  
  141  11:48  Marine x3  
  141  11:54  Marine x2  
  144  12:00  Marine  
  147  12:03  Terran Infantry Weapons Level 3  
  140  12:18  Orbital Command  
  140  12:22  Marine x5  
  144  12:26  Terran Infantry Armor Level 3  
  144  12:27  Marine  
  144  12:28  Marine x2, Marauder  
  144  12:29  Marauder  
  150  12:34  Medivac  
  150  12:36  Medivac  
  138  12:40  Marine x2  
  138  12:44  Orbital Command  
  138  12:47  Marine x2  
  138  12:48  Marine x2  
  138  12:49  Marauder, Marine x4  
  148  12:51  Marine x2  
  150  13:00  Marine  
  150  13:01  Marine, Marauder  
  150  13:04  Medivac  
  151  13:06  Medivac, Marine x6  
  151  13:07  Marine  
  151  13:11  Marauder  
  161  13:15  Marine x5  
  161  13:18  Marine  
  161  13:19  Marine  
  168  13:22  Marauder  
  168  13:24  Marine  
  168  13:27  Marine x6  
  171  13:32  Marine, Marauder  
  171  13:33  Marine x2  
  171  13:34  Medivac, Marine x2  
  173  13:36  Medivac, Marine  
  173  13:37  Marine  
  177  13:41  Marine  
  177  13:44  Marine, Marauder  
  177  13:45  Marine x5  
  186  13:50  Marine  
  186  13:51  Marine x4  
  186  13:53  Marine  
  186  13:54  Marine x2  
  173  13:59  Marine  
  173  14:02  Marine  
  138  14:03  Marine x5  
  138  14:05  Marine  
  138  14:08  Marine x2  
  138  14:09  Marine x3  
  143  14:13  Marine x2  
  143  14:15  Orbital Command  
  143  14:16  Marine  
  137  14:17  Marine  
  137  14:20  Marine  
  137  14:21  Marine x2  
  137  14:22  Medivac  
  137  14:23  Marine x4  
  146  14:26  Marine x2  
  146  14:27  Marine x3  
  146  14:28  Medivac  
  146  14:31  Marine x2  
  153  14:34  Marine  
  153  14:35  Marine  
  153  14:38  Marine x2  
  157  14:39  Marine  
  157  14:41  Marine x2  
  157  14:42  Marauder  
  160  14:47  Marine x4  
  160  14:50  Marine  
  158  14:53  Marauder  
  158  14:56  Marine  
  158  14:59  Marine  
  160  15:03  Marine, Marauder  
  160  15:04  Marine x2  
  160  15:05  Marine x2  
  160  15:06  Marine x4  
  171  15:08  Medivac  
  173  15:17  Marine  
  173  15:18  Marauder  
  173  15:20  Marine x4  
  180  15:21  Marine  
  180  15:22  Marine  
  180  15:24  Marauder  
  180  15:27  Marine  
  185  15:30  Marine  
  185  15:32  Marine x2  
  185  15:34  Marine  
  185  15:35  Marine x3  
  191  15:39  Marauder  
  194  15:43  Bunker, Marine x2  
  194  15:44  Marine  
  194  15:45  Marine  
  194  15:46  Marauder  
  197  16:00  Marine  
  197  16:01  Marauder  
  197  16:02  Marine  
  182  16:07  Marauder  
  182  16:08  Marine x2  
  182  16:09  Marine  
  176  16:15  Marine x6  
  177  16:22  Marauder  
  177  16:23  Orbital Command, Marine  
  177  16:25  Marine  
  166  16:26  Marine  
  166  16:27  Marine x2  
  166  16:28  Marauder  
  169  16:35  Marine  
  169  16:37  Marine x2  
  172  16:42  Marine x2  
  172  16:43  Marauder, Marine x2  
  178  16:50  Marauder  
  178  16:52  Marine x4  
  178  16:53  Marine  
  178  16:54  Marine x2  

Tags
 
Add a new tag
Caveats
  • Supply blocks, unpowered buildings, or Contaminate may cause inaccurate times.
  • Supply counts are checked every 10 seconds.